 Dungeon Crawl Stone Soup version 0.29.1-13-g9f3cf754e1 (webtiles) character file.

Game seed: 11589613494441565603

172 growler the Insei (level 5, -4/33 HPs)
             Began as an Octopode Transmuter on Jan 20, 2023.
             Slain by a gnoll bouda
             ... wielding a +2 whip of flaming
              (5 damage)
             ... on level 3 of the Dungeon.
             The game lasted 00:07:24 (3442 turns).

growler the Insei (Octopode Transmuter)             Turns: 3442, Time: 00:07:25

Health: -4/33      AC:  1    Str: 12    XL:     5   Next: 53%
Magic:  9/9        EV: 13    Int: 15    God:
Gold:   97         SH:  0    Dex: 12    Spells: 6/10 levels left

rFire   . . .      SeeInvis .     - Unarmed
rCold   . . .      Faith    .   (no shield)
rNeg    . . .      Spirit   .   (helmet restricted)
rPois   .          Reflect  .   (no amulet)
rElec   .          Harm     .   l - ring of resist corrosion
rCorr   +          Rampage  .   (no ring)
Will    .....                   (no ring)
Stlth   ++........              (no ring)
HPRegen 0.11/turn               (no ring)
MPRegen 0.11/turn               (no ring)
                                (no ring)
                                (no ring)

@: no status effects
A: almost no armour, amphibious, 8 rings, camouflage 1, gelatinous body 1,
(nimble swimmer 1), tentacles
a: no special abilities


You were on level 3 of the Dungeon.
You visited 1 branch of the dungeon, and saw 3 of its levels.

You collected 97 gold pieces.

Inventory:

Hand Weapons
 d - a +0 sling
Missiles
 q - a throwing net
Armour
 k - a +1 kite shield
Jewellery
 l - a ring of resist corrosion (left tentacle)
Scrolls
 b - a scroll of enchant weapon {unknown}
 c - a scroll of magic mapping {unknown}
 e - 2 scrolls of teleportation
 f - a scroll of fog
 h - a scroll of identify
 m - a scroll of fear {unknown}
 n - a scroll of enchant armour
 o - a scroll of blinking {unknown}
 p - a scroll of acquirement {unknown}
 r - a scroll of noise {unknown}
Potions
 a - 2 potions of lignification
 g - a potion of flight
 i - a potion of degeneration
 j - a potion of heal wounds


   Skills:
 - Level 1.0 Fighting
 - Level 2.0 Dodging
 * Level 4.7 Unarmed Combat
 + Level 3.0 Spellcasting
 + Level 3.2 Transmutations


You had 6 spell levels left.
You knew the following spells:

 Your Spells              Type           Power      Damage    Failure   Level
a - Beastly Appendage     Tmut           22%        N/A       5%          1
b - Spider Form           Tmut/Pois      7%         N/A       30%         3

Your spell library contained the following spells:

 Spells                   Type           Power      Damage    Failure   Level
 Wereblood                Tmut           11%        N/A       9%          2
 Tukima's Dance           Hex            2%         N/A       52%         3
 Ice Form                 Ice/Tmut       7%         N/A       71%         4
 Passage of Golubria      Tloc           2%         N/A       89%         4
 Yara's Violent Unravell  Hex/Tmut       3%         3d4       96%         5


Dungeon Overview and Level Annotations

Branches:
Dungeon (3/15)

Altars:


Innate Abilities, Weirdness & Mutations

You cannot wear most types of armour.
You are amphibious.
You can wear up to eight rings at the same time.
Your skin changes colour to match your surroundings (Stealth+).
Your rubbery body absorbs attacks. (AC +1, EV +1)
((You are camouflaged when in or above water. (Stealth+)))
You have tentacles for arms and can constrict up to eight enemies at once.


Message History

You tentacle-slap the gnoll. Your grab misses the gnoll.
The gnoll is almost dead.
The gnoll drinks a potion.
The gnoll is healed!
You tentacle-slap the gnoll. You grab the gnoll.
You pierce the gnoll.
The gnoll is heavily wounded.
You constrict the gnoll, but do no damage.
You bludgeon the gnoll!
You kill the gnoll!
Magic restored.
Your transformation is almost over.
There is a huge open gate here.
A gnoll is nearby!
Unknown command.
No target in view!
A gnoll bouda comes into view. It is wielding a +2 whip of flaming.
The gnoll bouda hits you with a +2 whip of flaming!
The gnoll bouda burns you.
There is a large open door, spattered with blood here.
As you read the scroll labelled ZITIUFYSOUK, it crumbles to dust.
It is a scroll of enchant armour.
Your +0 kite shield glows green for a moment.
The gnoll bouda barks out a call to the hunt!
The gnoll picks up the pace!
The gnoll shouts!
As you read the scroll labelled LURHUSCH ELAYM, it crumbles to dust.
The scroll dissolves into smoke.
It was a scroll of fog.
The gnoll bouda hits you with a +2 whip of flaming!
* * * LOW HITPOINT WARNING * * *
The gnoll bouda burns you.
* * * LOW HITPOINT WARNING * * *
The gnoll bouda attacks as you move away!
The gnoll bouda barely misses you.
A gnoll comes into view.
It is wielding a +0 flail of holy wrath.
The gnoll bouda attacks as you move away!
The gnoll bouda misses you.
Your tentacle spike disappears.
There is a huge open gate here.
The gnoll bouda attacks as you move away!
The gnoll bouda hits you with a +2 whip of flaming.
You die...

.# ............... .#
............... .#
..........g.... .#
......§§§§..... .# ##§§## .#
######§§§.###### .#
.....§g...'..... ##+#
#####g...###### #
...#############@'''#############
..o#............................#
####~~≈~~~~≈~~≈~....~g~~~~~~≈~~~#
≈≈≈≈≈≈≈≈≈≈~≈≈≈≈≈....~≈≈≈≈≈≈≈≈≈≈≈≈
~~~[~~[~~≈~~≈≈~~....~~~~~≈~†≈~≈~~
..................)........).....
#######.####)#####.#.#########.##
...####.##.).).# #.#.# ##.#.
.....##.##.....###.#.# #....


You could see a gnoll bouda and 2 gnolls.

Vanquished Creatures
  A hound (D:3)
  5 gnolls (D:3)
  An adder (D:3)
  A worm (D:3)
  2 dart slugs
  10 orcs
  4 bats
  2 endoplasms
  A giant cockroach (D:2)
  5 goblins
  2 hobgoblins
  17 jackals (D:3)
  2 kobolds (D:2)
  2 quokkas (D:1)
  3 frilled lizards
  3 rats
61 creatures vanquished.

Vanquished Creatures (others)
  A plant (D:3)
1 creature vanquished.

Grand Total: 62 creatures vanquished

Notes
Turn   | Place    | Note
-------+----------+-------------------------------------------
     0 | D:1      | growler the Octopode Transmuter began the quest for the
                  | Orb.
     0 | D:1      | Reached XP level 1. HP: 13/13 MP: 3/3
   123 | D:1      | Reached XP level 2. HP: 17/18 MP: 5/5
   431 | D:1      | Found a faded altar of an unknown god.
  1415 | D:2      | Reached XP level 3. HP: 23/23 MP: 6/6
  1444 | D:3      | Learned a level 3 spell: Spider Form
  1668 | D:3      | Reached skill level 4 in Unarmed Combat
  1668 | D:3      | Reached XP level 4. HP: 18/28 MP: 5/7
  2384 | D:3      | Reached XP level 5. HP: 27/33 MP: 7/9
  2487 | D:3      | Noticed an ogre
  3437 | D:3      | HP: 1/33 [gnoll bouda/+2 whip of flaming (3)]
  3442 | D:3      | Slain by a gnoll bouda

Illustrated notes

Levels and vault maps discovered:
D:1:      minmay_arrival_diagonal_passages, layout_loops_ring,
          basic_ecumenical_altar, serial_bayou_lake_a
D:2:      layout_basic
D:3:      lemuel_castle_with_subvaults [lemuel_castle_interior_original],
          layout_loops_ring

Skill      XL: |  1  2  3  4  5 |
---------------+----------------+-----
Unarmed Combat | 4 |  4.7
Transmutations | 3 |  3.2
Spellcasting   | 3 |  3.0
Fighting       | |  1.0
Dodging        | |  2.0

Action                   |  1- 3 |  4- 6 || total
-------------------------+-------+-------++-------
Melee: Unarmed           |    51 |    95 ||   146
       Tentacles         |    12 |    16 ||    28
       Constrict         |    15 |    21 ||    36
       Kick              |     3 |    23 ||    26
       Punch             |     1 |     2 ||     3
 Cast: Beastly Appendage |     3 |    11 ||    14
       Spider Form       |     1 |       ||     1
  Use: Scroll            |     4 |     2 ||     6
 Stab: Sleeping          |     6 |     3 ||     9
Armor: Skin              |     4 |     7 ||    11
Dodge: Dodged            |    37 |    50 ||    87
